 Dungeon Crawl Stone Soup version 0.30-b1-2-g02819fbbbe (webtiles) character file.

Game seed: 2182904717084302603

437 raph the Firebug (level 6, -10/34 HPs)
             Began as a Deep Elf Fire Elementalist on Aug 24, 2023.
             Killed by an exploding orc (44 damage)
             ... ignited by their inner flame
             ... on level 4 of the Dungeon.
             The game lasted 00:06:32 (4712 turns).

raph the Firebug (Deep Elf Fire Elementalist)       Turns: 4712, Time: 00:06:33

Health: -10/34     AC:  4    Str:  5    XL:     6   Next: 69%
Magic:  8/13       EV: 13    Int: 22    God:
Gold:   260        SH:  0    Dex: 15    Spells: 3/12 levels left

rFire   . . .        f - +2 dagger (venom)
rCold   . . .        (no shield)
rNeg    . . .        a - +0 robe
rPois   .            h - +1 helmet
rElec   .            (no cloak)
rCorr   .            (no gloves)
SInv    .            (no boots)
Will    .....        q - amulet of regeneration
Stlth   ++           n - ring of wizardry
HPRegen 1.05/turn    (no ring)
MPRegen 0.13/turn

%: wizardry (x1)
@: no status effects
A: no striking features
a: no special abilities


You were on level 4 of the Dungeon.
You visited 1 branch of the dungeon, and saw 4 of its levels.

You collected 302 gold pieces.
You spent 42 gold pieces at shops.

Inventory:

Hand Weapons
 f - a +2 dagger of venom (weapon)
 i - a +0 dagger
 o - a +0 dagger
Missiles
 c - 22 poisoned darts
 g - 8 javelins
Armour
 a - a +0 robe (worn)
 h - a +1 helmet (worn)
Jewellery
 n - a ring of wizardry (left hand)
 q - an amulet of regeneration (around neck)
Wands
 d - a wand of flame (4)
Scrolls
 e - 6 scrolls of identify
 l - 3 scrolls of brand weapon
 p - a scroll of fog
Potions
 b - 3 potions of magic
 j - a potion of haste
 k - a potion of curing
 m - 2 potions of heal wounds {unknown}


   Skills:
 + Level 1.1 Fighting
 + Level 3.1 Dodging
 - Level 2.4 Stealth
 + Level 3.8 Spellcasting
 + Level 3.9 Conjurations
 * Level 6.5 Fire Magic


You had 3 spell levels left.
You knew the following spells:

 Your Spells              Type           Power      Damage    Failure   Level
a - Foxfire               Conj/Fire      100%       2x1d9     1%          1
b - Scorch                Fire           64%        2d7       1%          2
c - Inner Flame           Hex/Fire       18%        N/A       3%          3
d - Volatile Blastmotes   Fire/Tloc      36%        2d13      3%          3

Your spell library contained the following spells:

 Spells                   Type           Power      Damage    Failure   Level
 Flame Wave               Conj/Fire      27%        2d9       5%          4


Dungeon Overview and Level Annotations

Branches:
Dungeon (4/15)
 Temple: D:4-7

Altars:
Okawaru

Shops:
D:2 *[:=!


Message History

Confirm with . or Enter, or press ? or * to list all spells.
You conjure some foxfire!
Casting: Foxfire (safe; 1% risk of failure)
Confirm with . or Enter, or press ? or * to list all spells.
You conjure some foxfire!
The foxfire hits the kobold.
You kill the kobold!
Your foxfire dissipates! x2
Your foxfire dissipates! x2
Your foxfire dissipates!
Magic restored.
Found a morningstar.
You see here a +0 club.
You open the door.
There is an open door here.
An orc and an orc priest come into view.
The orc shouts!
You hear a shout!
An orc comes into view. It is wielding a +0 hand axe.
Casting: Foxfire (safe; 1% risk of failure)
Confirm with . or Enter, or press ? or * to list all spells.
Aiming: Inner Flame (dangerous; 3% risk of failure)
Press: ? - help, Dir - move target, f - orc
Aim: an orc, wielding a +0 short sword (chance to affect: 85%)
The orc is filled with an inner flame.
The orc priest shouts!
You hear a bark!
An orc comes into view. It is wielding a +0 dagger.
Casting: Inner Flame (dangerous; 3% risk of failure)
Confirm with . or Enter, or press ? or * to list all spells.
You conjure some foxfire!
A hound comes into view.
Casting: Foxfire (safe; 1% risk of failure)
Confirm with . or Enter, or press ? or * to list all spells.
You conjure some foxfire!
The foxfire hits the orc!
The orc explodes!
The fiery explosion engulfs your foxfire.
Your foxfire completely resists.
The fiery explosion engulfs your foxfire.
Your foxfire completely resists.
The fiery explosion engulfs you!!!
Ouch! That really hurt!
You die...

.#.....# ##.#
##.~.~)######.#++
...~.~......#...
.~~8.8~~....#.####
............'....#
.~~8.8~~....####.#
...~.~...)..# #.#
##[~.~.######
#v####### #.....#
#@ยงยง.oh..
#....)# #vvoo....
#.....# ..#######
#.....# ####
#######


You could see a hound, an orc priest and 2 orcs.

Vanquished Creatures
  An ice beast (D:3)
  An ogre (D:4)
  A scorpion (D:4)
  A hound (D:4)
  An iguana (D:4)
  Robin (D:2)
  5 adders
  3 worms
  A dart slug (D:3)
  6 orcs
  An endoplasm (D:2)
  A giant cockroach (D:2)
  14 goblins
  3 hobgoblins
  8 jackals
  9 kobolds
  2 quokkas
  9 ball pythons
  2 bats (D:3)
  3 frilled lizards
  7 rats
80 creatures vanquished.

Vanquished Creatures (others)
  244 foxfires
244 creatures vanquished.

Grand Total: 324 creatures vanquished

Notes
Turn   | Place    | Note
-------+----------+-------------------------------------------
     0 | D:1      | raph the Deep Elf Fire Elementalist began the quest for the
                  | Orb.
     0 | D:1      | Reached XP level 1. HP: 10/10 MP: 6/6
  1188 | D:1      | Reached XP level 2. HP: 3/15 MP: 2/8
  1583 | D:2      | Learned a level 2 spell: Scorch
  1630 | D:2      | Found Zaoc's Book Shoppe.
  1661 | D:2      | Found Ojunnec's General Store.
  1664 | D:2      | Reached skill level 4 in Fire Magic
  1706 | D:2      | Bought a potion of curing for 42 gold pieces
  1941 | D:2      | Reached XP level 3. HP: 19/19 MP: 6/9
  1941 | D:2      | Noticed Robin
  1945 | D:2      | Killed Robin
  2115 | D:2      | Learned a level 3 spell: Inner Flame
  2374 | D:2      | Found an iron altar of Okawaru.
  2572 | D:2      | Found Ruosob's Jewellery Emporium.
  2585 | D:2      | Found Wutauss's Antique Armour Emporium.
  2898 | D:2      | Reached XP level 4. HP: 24/24 MP: 7/10
  2958 | D:2      | Found Ygupeos's Distillery.
  3148 | D:3      | Noticed an ice beast
  3155 | D:3      | Killed an ice beast
  3156 | D:3      | Reached skill level 5 in Fire Magic
  3156 | D:3      | Reached XP level 5. HP: 28/28 MP: 2/11
  3228 | D:3      | Learned a level 3 spell: Volatile Blastmotes
  4029 | D:4      | Reached skill level 6 in Fire Magic
  4136 | D:4      | Reached XP level 6. HP: 32/33 MP: 5/13
  4378 | D:4      | Reached skill level 1 in Fighting
  4712 | D:4      | Killed by an exploding orc... ignited by their inner flame

Illustrated notes

Levels and vault maps discovered:
D:1:      tarquinn_simple_flora_water_f, layout_basic, nicolae_eternal_life
D:2:      layout_basic, basic_altar, serial_shops, nicolae_shop_tiny_waterfront,
          nicolae_shop_competitors_out_of_business, nicolae_shop_behind_doors,
          shop, nicolae_shop_tiny_statue_garden, uniq_robin
D:3:      layout_basic
D:4:      layout_loops_ring, mainiacjoe_overflow_alcove_2, serial_shops,
          kennysheep_mini_moat, kennysheep_minor_cross,
          kennysheep_opposing_triangles

Skill      XL: |  1  2  3  4  5  6 |
---------------+-------------------+-----
Fire Magic     | 4 5 6 |  6.5
Conjurations   | 2 3 |  3.9
Dodging        | 3 |  3.1
Fighting       | 1 |  1.1
Stealth        | |  2.4
Spellcasting   | |  3.8

Action                     |  1- 3 |  4- 6 || total
---------------------------+-------+-------++-------
  Melee: Unarmed           |     1 |       ||     1
         Dagger            |     2 |     3 ||     5
   Cast: Foxfire           |    92 |    61 ||   153
         Scorch            |    11 |    12 ||    23
         Inner Flame       |       |     2 ||     2
         Volatile Blastmot |       |     2 ||     2
    Use: Scroll            |     6 |     3 ||     9
 Armour: Robe              |    10 |     3 ||    13
  Dodge: Dodged            |    19 |    17 ||    36
